 Dungeon Crawl Stone Soup version 0.16-a0-3280-g3a29b53 (webtiles) character file.

399 Minkie the Sneak (level 6, 0/41 HPs)
             Began as a Vampire Enchanter on Dec 24, 2014.
             Slain by Pikel
             ... wielding a +2 whip of freezing
              (1 damage)
             ... on level 4 of the Dungeon.
             The game lasted 00:13:55 (4787 turns).

Minkie the Sneak (Vampire Enchanter)                Turns: 4787, Time: 00:13:56

Health: 0/41       AC:  4    Str:  7    XL:     6   Next: 54%
Magic:  9/10       EV: 12    Int: 19    God:
Gold:   245        SH:  0    Dex: 14    Spells: 3 memorised, 3 levels left

rFire  . . .     SeeInvis +     q - +2 short sword (vamp)
rCold  + + .     Clarity  .     b - +1 robe
rNeg   + + +     SustAb   .     (no shield)
rPois  ∞         Gourm    .     (no helmet)
rElec  .         Spirit   .     f - +0 cloak
rCorr  .         Warding  .     (no gloves)
rMut   .         Stasis   .     (no boots)
MR     .....                    (no amulet)
Stlth  ++++......               (no ring)
                                (no ring)

@: bloodless, non-regenerating, not resistant to hostile enchantments, stealthy
A: bottle blood, fangs 3, see invisible, unbreathing
a: Bat Form


You were on level 4 of the Dungeon.
You were bloodless.

You visited 2 branches of the dungeon, and saw 6 of its levels.

You collected 245 gold pieces.

Inventory:

Hand weapons
 a - a +1 dagger
 q - a +2 vampiric short sword (weapon)
Armour
 b - a +1 robe (worn)
 f - a +0 cloak (worn)
Scrolls
 d - a scroll of recharging {unknown}
 h - 3 scrolls of immolation {unknown}
 j - 3 scrolls of identify {unknown}
 k - 2 scrolls of noise {unknown}
 l - 5 scrolls of amnesia {unknown}
 m - 5 scrolls of remove curse {unknown}
 n - a scroll of enchant armour {unknown}
 s - a scroll of teleportation {unknown}
Potions
 e - 2 potions of heal wounds {unknown}
 g - 9 potions of curing {unknown}
 i - a potion of cancellation {unknown}
 o - a potion of flight {unknown}
 p - 5 potions of blood
 r - a potion of restore abilities {unknown}
 t - a potion of experience {unknown}
 u - a potion of might {unknown}
 v - a potion of agility {unknown}
Books
 c - a book of Maledictions

   Spells                             Type                      Level
   a - Corona                         Hexes                        1
   b - Sure Blade                     Hexes/Charms                 2
   c - Ensorcelled Hibernation        Hexes/Ice                    2
   d - Confuse                        Hexes                        3
   e - Dazzling Spray                 Conjuration/Hexes            3
   f - Enslavement                    Hexes                        4


   Skills:
 * Level 5.0 Short Blades
 - Level 2.1 Dodging
 + Level 7.3 Stealth
 - Level 2.0 Spellcasting
 + Level 6.4 Hexes


You had 3 spell levels left.
You knew the following spells:

 Your Spells              Type           Power        Failure   Level  Hunger
a - Corona                Hex            ####...      1%          1    #......
b - Ensorcelled Hibernat  Hex/Ice        ##....       10%         2    ###....
c - Confuse               Hex            ####....     4%          3    ###....


Dungeon Overview and Level Annotations

Branches:
Dungeon (5/15)             Temple (1/1) D:4

Altars:
Cheibriados
Dithmenos
Fedhas
Gozag
Makhleb
Nemelex Xobeh
Ru
Vehumet
Yredelemnul
Zin
The Shining One

Annotations:
D:4 Pikel


Innate Abilities, Weirdness & Mutations

You do not heal naturally.
You can bottle blood from corpses.
You have razor-sharp teeth.
You have supernaturally acute eyesight.
You can survive without breathing.


Message History

Pikel is lightly wounded.
Pikel hits you but does no damage.
You draw Pikel's blood!
You feel better.
You feel slightly less thirsty.
You hit Pikel but do no damage.
Pikel is lightly wounded.
You miss Pikel. You bite Pikel, but do no damage.
Pikel is lightly wounded.
Pikel barely misses you.
You barely miss Pikel.
Pikel is lightly wounded.
Pikel closely misses you.
You barely miss Pikel.
Pikel is lightly wounded.
Pikel misses you.
You closely miss Pikel.
Pikel is lightly wounded.
Pikel hits you with a whip of freezing!
* * * LOW HITPOINT WARNING * * *
Pikel freezes you.
You die...

### #.. #### #.# ...#
###.### ## ##.# #..... .#
##.# ##.#.####.###.###
##.######....ppK@....)...
.#........#...###.###.##.
.########.)..## .#
...........#>####.###.#
######.#####[..........
## # #####....... .#
..... .# ..... .# . ...


You could see Pikel and 2 slaves.

Vanquished Creatures
  A slave (D:4)
  A scorpion (D:4)
  A hound (D:4)
  An orc wizard (D:3)
  A worker ant (D:3)
  9 gnolls
  8 adders
  A giant mite (D:2)
  2 worms
  3 giant geckos
  An ooze (D:3)
  8 orcs (D:3)
  A ball python (D:3)
  4 giant cockroaches
  11 hobgoblins
  3 jackals (D:3)
  A quokka (D:3)
  4 bats
  A giant gecko skeleton (D:4)
  A giant newt (D:3)
  11 goblins
  9 kobolds
  10 rats
  A spectral orc (D:3)
94 creatures vanquished.

Notes
Turn   | Place    | Note
--------------------------------------------------------------
     0 | D:1      | Minkie, the Vampire Enchanter, began the quest for the Orb.
     0 | D:1      | Reached XP level 1. HP: 13/13 MP: 3/3
   357 | D:1      | Reached XP level 2. HP: 19/19 MP: 4/4
   361 | D:1      | Learned a level 2 spell: Ensorcelled Hibernation
   408 | D:2      | Found a blossoming altar of Fedhas.
  1350 | D:2      | Reached XP level 3. HP: 17/24 MP: 6/6
  1690 | D:2      | Reached skill level 5 in Stealth
  1712 | D:2      | Reached skill level 5 in Hexes
  1780 | D:2      | Learned a level 3 spell: Confuse
  1942 | D:2      | Reached XP level 4. HP: 30/30 MP: 7/7
  2331 | D:2      | Found a radiant altar of Vehumet.
  2784 | D:3      | Reached skill level 6 in Stealth
  2784 | D:3      | Reached XP level 5. HP: 35/35 MP: 9/9
  3808 | D:3      | Found a basalt altar of Yredelemnul.
  3882 | D:3      | Reached XP level 6. HP: 41/41 MP: 7/10
  3953 | D:3      | Reached skill level 7 in Stealth
  4016 | D:4      | Found a staircase to the Ecumenical Temple.
  4025 | Temple   | Entered the Ecumenical Temple
  4430 | D:4      | Found a snail-covered altar of Cheibriados.
  4459 | D:4      | Reached skill level 5 in Short Blades
  4526 | D:5      | Entered Level 5 of the Dungeon
  4633 | D:5      | Noticed Pikel
  4787 | D:4      | HP: 1/41 [Pikel/whip of freezing (9)]
  4787 | D:4      | Slain by Pikel

Action                   |  1- 3 |  4- 6 || total
-------------------------+-------+-------++-------
Melee: Dagger            |    69 |    73 ||   142
       Short sword       |       |   151 ||   151
 Cast: Ensorcelled Hiber |    10 |    31 ||    41
       Confuse           |       |     5 ||     5
 Stab: Sleeping          |    10 |    32 ||    42
